 Dungeon Sprint DCSS version 0.14-a0-1686-g0e827d1 (webtiles) character file.

3133 LoliLover the Champion of Chaos (level 9, -6/82 HPs)
             Began as a Deep Dwarf Assassin on Dec 30, 2013.
             Was the Champion of Makhleb.
             Killed themself with a badly aimed orb of electricity (58 damage)
             ... in the Dungeon (Sprint VII: "The Pits").
             The game lasted 00:13:00 (788 turns).

LoliLover the Champion of Chaos (DDAs)               Turns: 788, Time: 00:13:00

HP  -6/82        AC  7     Str 15      XL: 9   Next: 61%
MP  25/25        EV 20     Int 15 (18) God: Makhleb [******]
Gold 0           SH  0     Dex 14      Spells:  0 memorised, 15 levels left

rFire  . . .     SeeInvis .     a - +2 dwarf dagger
rCold  . . .     Clarity  .     c - +0 robe
rNeg   . . .     Conserve .     (no shield)
rPois  .         rCorr    .     z - +0 helmet
rElec  .         rRot     .     A - +0 elf cloak
SustAb . .       Spirit   .     B - +0 pair of gloves
rMut   .         Warding  .     C - +0 pair of boots
Saprov . . .     NoTele   +     (no amulet)
                                y - +3 ring of evasion
                                x - +3 ring of intelligence

@: non-regenerating, somewhat resistant to hostile enchantments, extremely
stealthy
A: damage resistance, recharge devices, sense surroundings 2, slow healing 3
a: Device Recharging, Minor Destruction, Lesser Servant of Makhleb, Major
Destruction, Greater Servant of Makhleb, Renounce Religion


You were in the Dungeon.
You worshipped Makhleb.
Makhleb was exalted by your worship.
You were not hungry.

You visited 1 branch

Inventory:

Hand weapons
 a - a +2,+2 dwarven dagger (weapon)
 b - a +0 blowgun
 o - a +2,+2 dagger
 w - a +2,+2 dagger of draining
 F - a +2,+2 dwarven cutlass of electrocution
Missiles
 e - 8 poisoned needles
 f - 2 curare-tipped needles
 G - 10 stones (quivered)
Armour
 c - a +0 robe (worn)
 d - a +0 dwarven cloak
 z - a +0 helmet (worn)
 A - a +0 elven cloak (worn)
 B - a +0 pair of gloves (worn)
 C - a +0 pair of boots (worn)
Magical devices
 g - a wand of heal wounds (0)
Comestibles
 h - 8 bread rations
 p - 40 strawberries
 q - 5 meat rations
Scrolls
 n - a scroll of blinking
 t - 2 scrolls of remove curse
 u - 4 scrolls of amnesia
 v - a scroll of summoning
Jewellery
 x - a +3 ring of intelligence (left hand)
 y - a +3 ring of evasion (right hand)
Potions
 i - 6 potions of curing
 j - 5 potions of heal wounds
 k - 3 potions of speed
 l - 4 potions of magic
 m - 3 potions of berserk rage
 r - 2 potions of invisibility
 D - a potion of agility
 E - a potion of brilliance


   Skills:
 + Level 5.8 Fighting
 + Level 9.2 Short Blades
 - Level 1.7 Throwing
 - Level 4.6 Armour
 + Level 8.3 Dodging
 + Level 13.1 Stealth
 + Level 3.6 Spellcasting
 - Level 15.7 Invocations
 + Level 5.9 Evocations


You had 15 spell levels left.
You didn't know any spells.

Dungeon Overview and Level Annotations

Branches:
Dungeon (1/1)

Altars:
Ashenzari
Cheibriados
Elyvilon
Fedhas
Kikubaaqudgha
Makhleb
Nemelex Xobeh
Okawaru
Sif Muna
Trog
Vehumet
Xom
Yredelemnul
Zin
the Shining One
Beogh
Jiyva
Lugonu


Innate Abilities, Weirdness & Mutations

You are resistant to damage.
You can recharge devices by infusing magical energy.
You passively map the area around you.
You do not heal naturally.


Message History

The large slime creature barely misses you.
The slime creature hits you!
A slime creature comes into view.
The slime creature misses you.
Two slime creatures merge to form a large slime creature.
Drink which item? (? for menu, Esc to quit)
You feel much better. The slime creature misses you.
Evoke which item? (* to show all) (? for menu, Esc to quit)
Okay, then.
Use which ability? (? or * to list)
Okay, then.
Use which ability? (? or * to list)
Press: ? - help, Shift-Dir - straight line, f - slime creature
Aim: a slime creature (heavily wounded)
The orb of electricity explodes!
The orb of electricity engulfs the slime creature.
The slime creature is almost dead.
The orb of electricity engulfs you!
Ouch! That really hurt!
You die...

_________# , , , ____..___# **
*** *
#####'##############++###### **
).).'.'..##................# *
))).#.#.|##......#..#....%.# ,,
#####'#####................+ *
..........'................+ *
#####)#####......#..#......#* ,,
#..#...'.##.....@JJ..%.....# , ,,
#..#...#.#####'#####''###### *
#..#####.##.......##''######### *
#..'...#.##.......##..........#,
#..'...).##.......##..........+,,
#..########...<...##..#####..K#*
#..'..))[##.......##..'..)#....,
#..#.)))[##.......##..#...#..,K
###########.......##..#...#.# ***


You could see a large slime creature and a slime creature.

Vanquished Creatures
  A sea snake (D)
  A phantasmal warrior (D)
  An orange demon (D)
  A troll (D)
  A spriggan (D)
  A slime creature (D)
  A boulder beetle (D)
  An ugly thing (D)
  A fire bat (D)
  A hungry ghost (D)
  A sky beast (D)
  A centaur (D)
  A crocodile (D)
  A brain worm (D)
  2 porcupines (D)
  2 wights (D)
  A pulsating lump (D)
  A hound (D)
  A jelly (D)
  A mummy (D)
  An adder (D)
  A green rat (D)
  A giant centipede (D)
  A giant mite (D)
  2 adder skeletons (D)
  A giant eyeball (D)
  A giant gecko (D)
  2 orcs (D)
  Terence (D)
  A hobgoblin (D)
  A rat (D)
35 creatures vanquished.

Notes
Turn   | Place    | Note
--------------------------------------------------------------
     0 | D        | LoliLover, the Deep Dwarf Assassin, began the quest for the Orb.
     0 | D        | Reached XP level 1. HP: 19/19 MP: 1/1
    12 | D        | Reached skill level 5 in Stealth
    12 | D        | Reached skill level 1 in Evocations
    41 | D        | Found a bloodstained altar of Trog.
    41 | D        | Found a deep blue altar of Sif Muna.
    41 | D        | Found a shimmering altar of Xom.
    41 | D        | Found a sparkling altar of Nemelex Xobeh.
    41 | D        | Found a corrupted altar of Lugonu.
    41 | D        | Found a viscous altar of Jiyva.
    42 | D        | Found a basalt altar of Yredelemnul.
    42 | D        | Found a glowing golden altar of the Shining One.
    42 | D        | Found a shattered altar of Ashenzari.
    42 | D        | Found a white marble altar of Elyvilon.
    42 | D        | Found a snail-covered altar of Cheibriados.
    42 | D        | Found a blossoming altar of Fedhas.
    42 | D        | Found a radiant altar of Vehumet.
    42 | D        | Found a burning altar of Makhleb.
    42 | D        | Found an ancient bone altar of Kikubaaqudgha.
    42 | D        | Found a glowing silver altar of Zin.
    42 | D        | Found a roughly hewn altar of Beogh.
    42 | D        | Found an iron altar of Okawaru.
    46 | D        | Became a worshipper of Makhleb the Destroyer
    66 | D        | Reached XP level 2. HP: 20/27 MP: 2/2
    82 | D        | Acquired Makhleb's first power
    93 | D        | Noticed a brain worm
   117 | D        | Killed a brain worm
   117 | D        | Acquired Makhleb's second power
   117 | D        | Reached skill level 6 in Stealth
   117 | D        | Reached skill level 5 in Evocations
   117 | D        | Reached XP level 3. HP: 30/36 MP: 3/5
   117 | D        | Reached XP level 4. HP: 36/44 MP: 4/7
   120 | D        | Reached skill level 7 in Stealth
   198 | D        | Noticed a jelly
   199 | D        | Noticed a hungry ghost
   211 | D        | Killed a jelly
   211 | D        | Reached skill level 8 in Stealth
   234 | D        | Killed a hungry ghost
   234 | D        | Acquired Makhleb's third power
   234 | D        | Reached skill level 10 in Stealth
   234 | D        | Reached XP level 5. HP: 29/50 MP: 9/9
   234 | D        | Reached XP level 6. HP: 33/57 MP: 11/11
   239 | D        | Noticed Terence
   267 | D        | Killed Terence
   296 | D        | Acquired Makhleb's fourth power
   298 | D        | Noticed a hound
   300 | D        | Killed a hound
   302 | D        | Noticed a troll
   304 | D        | Killed a troll
   304 | D        | Reached skill level 10 in Invocations
   304 | D        | Reached XP level 7. HP: 55/64 MP: 10/20
   306 | D        | Noticed a fire bat
   306 | D        | Noticed a wight
   306 | D        | Noticed a wight
   308 | D        | Killed a wight
   308 | D        | Reached skill level 11 in Invocations
   310 | D        | Killed a wight
   325 | D        | Killed a fire bat
   325 | D        | Reached skill level 13 in Invocations
   378 | D        | Noticed a porcupine
   378 | D        | Noticed an orange demon
   387 | D        | Killed a porcupine
   387 | D        | Acquired Makhleb's fifth power
   389 | D        | Noticed a porcupine
   393 | D        | Killed a porcupine
   393 | D        | Reached skill level 14 in Invocations
   411 | D        | Killed an orange demon
   411 | D        | Reached skill level 15 in Invocations
   411 | D        | Reached XP level 8. HP: 39/72 MP: 21/24
   544 | D        | Noticed a phantasmal warrior
   549 | D        | Noticed a boulder beetle
   628 | D        | Killed a boulder beetle
   628 | D        | Reached skill level 5 in Dodging
   639 | D        | Noticed a big kobold
   640 | D        | Killed a phantasmal warrior
   647 | D        | Noticed a pulsating lump
   650 | D        | Noticed a centaur
   651 | D        | Noticed a cyan ugly thing
   664 | D        | Killed a cyan ugly thing
   691 | D        | Killed a pulsating lump
   702 | D        | Killed a centaur
   702 | D        | Reached skill level 1 in Spellcasting
   702 | D        | Gained mutation: You passively map the area around you. [level up]
   702 | D        | Reached XP level 9. HP: 78/78 MP: 25/25
   712 | D        | Noticed a crocodile
   712 | D        | Noticed a spriggan
   713 | D        | Noticed a sea snake
   714 | D        | Killed a sea snake
   714 | D        | Reached skill level 5 in Fighting
   716 | D        | Killed a crocodile
   718 | D        | Killed a spriggan
   726 | D        | Noticed a sky beast
   728 | D        | Noticed a slime creature
   729 | D        | Noticed a slime creature
   730 | D        | Killed a sky beast
   731 | D        | Noticed a slime creature
   731 | D        | Noticed a slime creature
   736 | D        | Killed a slime creature
   737 | D        | Noticed a spiny frog
   737 | D        | Noticed a purple ugly thing
   788 | D        | Killed themself with a badly aimed orb of electricity

Action                   |  1- 3 |  4- 6 |  7- 9 || total
-------------------------+-------+-------+-------++-------
Melee: Dagger            |    38 |    67 |    42 ||   147
       Cutlass           |       |       |    29 ||    29
 Fire: Blowgun           |       |       |     3 ||     3
Throw: Stone             |       |       |     1 ||     1
Invok: Minor Destruction |       |     1 |     2 ||     3
       Major Destruction |       |       |     8 ||     8
 Abil: Device Recharging |       |       |     1 ||     1
Evoke: Wand              |     1 |     1 |     4 ||     6
  Use: Potion            |     1 |     1 |     4 ||     6
       Scroll            |       |     1 |       ||     1
 Stab: Sleeping          |     1 |     3 |     8 ||    12
